[Event "Gaprindashvili Cup Women I Stage 2020"]
[Site "Online"]
[Date "2020.11.04"]
[Round "6.3"]
[White "Khazhomia, Anuki"]
[Black "Zarkua, Anastasia"]
[Result "1-0"]
[ECO "E91"]
[WhiteElo "1880"]
[BlackElo "1124"]
[Annotator "NA RC"]
[PlyCount "135"]
[EventDate "2020.11.04"]
[EventType "swiss"]
[SourceTitle "playchess.com"]
[Source "ChessBase"]
[SourceQuality "1"]
[TimeControl "1500+5"]

1. d4 Nf6 2. c4 g6 3. Nc3 Bg7 4. e4 d6 5. Nf3 O-O 6. Be2 Nc6 7. O-O e6 {[%emt 0:00:10] E91: King's Indian: Classical: 6 Be2, unusual replies including 6...c5 and 6...Bg4.} 8. d5 exd5 9. cxd5 Ne7 10. Be3 {[%emt 0:00:30] [#]} Bd7 $146 ({Predecessor:} 10... c6 11. dxc6 bxc6 12. Rc1 d5 13. exd5 Nexd5 14. Nxd5 cxd5 15. b4 Ne4 16. Bd4 Bh6 {½-½ (25) Barria Zuniga,D (2427)-Solaesa Navalpotro,L (2291) Collado Villalba 2007}) 11. Qb3 b6 (11... c6 $11 {keeps the balance.}) 12. Rac1 a5 (12... c5 $14) 13. Nd4 Re8 14. f3 ({Better is} 14. a3 $18) 14... Rc8 15. Rc2 (15. Bf2 $142) 15... Ra8 (15... a4 $16 16. Qa3 (16. Nxa4 Nexd5 {[%mdl 64] Pin} 17. Bf2 Nf4 $11) 16... Nf5 17. Nxf5 gxf5) 16. Ncb5 $2 (16. Bf2 $16) 16... Rc8 $2 (16... Nexd5 $11 {and Black stays safe.} 17. Bf2 (17. exd5 a4 $15) 17... a4) 17. Rfc1 ({Better is} 17. Bc4 $18) 17... Bxb5 $2 (17... Nexd5 $14 18. Bd2 (18. exd5 a4 $14) 18... Nb4 19. Bxb4 (19. Rxc7 Rxc7 20. Rxc7 Nxe4 $15) 19... axb4) 18. Nxb5 Rb8 (18... a4 $142 19. Qd3 (19. Qxa4 Nexd5 20. Bg5 Re5 $16) 19... Nd7 20. Nxc7 (20. Rxc7 Nc5 $16) 20... Rf8) 19. Nxc7 ({Not} 19. Rxc7 Nfxd5 20. Ra7 (20. exd5 Nf5 $11) 20... Nxe3 $14) 19... Rf8 20. Na6 Rb7 21. Rc7 Rxc7 22. Nxc7 Nc8 $2 (22... Nd7 23. Rc2 (23. Bxb6 Nxb6 24. Qxb6 Qb8 $18) 23... Nc8) 23. Ba6 Qd7 {[%emt 0:00:13] [#]} 24. Bxb6 $2 (24. Ne6 $1 $18 fxe6 25. dxe6) 24... Nxb6 25. Qxb6 Bh6 (25... Qa4 $16) 26. Rc6 Ne8 27. Nxe8 Rxe8 28. Qc7 Qxc7 29. Rxc7 Bf4 30. Kf2 Kg7 31. b3 Be5 32. h3 Ra8 33. Bb5 Rb8 34. a4 Bd4+ 35. Ke2 Bc5 36. Kd3 Bb4 $11 {[%emt 0:00:03] and Black has nothing to worry.} 37. Kc4 (37. f4 $142) 37... Rf8 $2 (37... g5 {might work better.} 38. Kd4 Kf6) 38. Kd3 $2 (38. f4 $18) 38... Kh6 $2 39. f4 f5 $2 (39... f6 40. h4 Kh5 41. Rxh7+ Kg4) 40. e5 dxe5 41. fxe5 f4 42. Ke4 Rf5 43. d6 Rf8 44. d7 Be7 45. Kd5 f3 46. gxf3 Rxf3 47. Rc8 Rxh3 48. d8=Q Bxd8 49. Rxd8 Rxb3 50. e6 Rb2 51. e7 Rd2+ 52. Kc6 Rc2+ 53. Kb7 Re2 54. e8=Q Rxe8 55. Rxe8 g5 56. Rg8 Kh5 57. Kb6 g4 58. Kxa5 Kh4 59. Kb4 h5 60. a5 g3 61. a6 Kh3 62. Bc6 h4 63. a7 g2 64. Bxg2+ (64. a8=Q $142 g1=Q 65. Bg2+ Kh2 66. Qb8#) 64... Kh2 65. a8=Q h3 66. Bxh3 Kxh3 67. Qg2+ Kh4 68. Qg4# 1-0

[Event "Gaprindashvili Cup Women I Stage 2020"]
[Site "Online"]
[Date "2020.11.04"]
[Round "6.4"]
[White "Lagazauri, Tamar"]
[Black "Abuladze, Natali"]
[Result "1-0"]
[ECO "A16"]
[WhiteElo "1657"]
[BlackElo "1049"]
[Annotator "NA RC"]
[PlyCount "91"]
[EventDate "2020.11.04"]
[EventType "swiss"]
[SourceTitle "playchess.com"]
[Source "ChessBase"]
[SourceQuality "1"]
[TimeControl "1500+5"]

1. c4 Nf6 2. Nc3 g6 3. g3 Bg7 4. Bg2 O-O 5. d3 d6 6. e4 Nc6 7. Nge2 b6 8. e5 dxe5 9. Bxc6 Rb8 10. Bg2 Bb7 11. O-O Qd7 12. Bxb7 Rxb7 13. Ne4 Nxe4 14. dxe4 Rd8 15. Qxd7 Rxd7 16. Be3 Rb8 17. Rfd1 Rbd8 18. Nc3 c6 19. Rxd7 Rxd7 20. Rd1 Rxd1+ 21. Nxd1 Kf8 22. b4 e6 23. Kf1 f5 24. f3 Ke7 25. Ke2 Bf6 26. a4 g5 27. c5 b5 28. axb5 cxb5 29. Nc3 a6 30. exf5 exf5 31. Nd5+ Kf7 32. Nxf6 Kxf6 33. Bxg5+ Ke6 34. Bd8 Kd7 35. Bb6 Kc6 36. g4 f4 37. h4 Kd5 38. g5 Kc6 39. h5 Kd5 40. g6 hxg6 41. hxg6 Ke6 42. c6 Ke7 43. c7 Kd7 44. g7 Ke7 45. g8=Q Kd7 46. c8=Q+ 1-0

[Event "Gaprindashvili Cup Women I Stage 2020"]
[Site "Online"]
[Date "2020.11.04"]
[Round "6.5"]
[White "Maghlakelidze, Rusudan"]
[Black "Antia, Sopia"]
[Result "1-0"]
[ECO "B54"]
[WhiteElo "1613"]
[BlackElo "1594"]
[Annotator "NA RC"]
[PlyCount "71"]
[EventDate "2020.11.04"]
[EventType "swiss"]
[SourceTitle "playchess.com"]
[Source "ChessBase"]
[SourceQuality "1"]
[TimeControl "1500+5"]

1. e4 c5 2. Nf3 Nc6 3. d4 cxd4 4. Nxd4 e5 5. Nb3 d6 6. Nc3 Be6 7. Be3 Nge7 8. Nd5 f5 9. Nxe7 Bxe7 10. exf5 Bxf5 11. Bc4 Qd7 12. Qd2 O-O-O 13. O-O-O Kb8 14. a3 Rhe8 15. Qe2 Qc7 16. g4 Bd7 17. Kb1 Na5 18. Nxa5 Qxa5 19. Bd5 Bb5 20. c4 Ba4 21. Rc1 Bc6 22. Rhd1 h6 23. Rc3 Bxd5 24. Rxd5 Qc7 25. Qc2 Qc6 26. Qe4 Rc8 27. b4 a6 28. Qc2 b5 29. Qd1 bxc4 30. a4 Qb7 31. b5 Ka8 32. Ka2 a5 33. b6 Rc6 34. Rxa5+ Kb8 35. Ra7 Qc8 36. Qd5 1-0

[Event "Gaprindashvili Cup Women I Stage 2020"]
[Site "Online"]
[Date "2020.11.04"]
[Round "6.7"]
[White "Didbaridze, Meri"]
[Black "Ashotia, Barbare"]
[Result "1/2-1/2"]
[ECO "D02"]
[WhiteElo "1264"]
[BlackElo "1076"]
[Annotator "NA RC"]
[PlyCount "175"]
[EventDate "2020.11.04"]
[EventType "swiss"]
[SourceTitle "playchess.com"]
[Source "ChessBase"]
[SourceQuality "1"]
[TimeControl "1500+5"]

1. d4 d5 2. Bf4 Nf6 3. e3 Bf5 4. Nf3 e6 5. h3 Bd6 6. Bxd6 cxd6 7. c3 O-O 8. Bd3 Bxd3 9. Qxd3 Nc6 10. O-O e5 11. Qc2 Rc8 12. Qe2 Re8 13. Na3 Qb6 14. Qb5 Qxb5 15. Nxb5 Red8 16. Rfe1 e4 17. Nd2 a6 18. Na3 Na5 19. Kf1 Nc4 20. Naxc4 dxc4 21. Ke2 d5 22. Nf1 g6 23. Ng3 b5 24. f3 Re8 25. fxe4 Nxe4 26. Kf3 Rb8 27. Nxe4 Rxe4 28. a3 a5 29. Re2 Kg7 30. Rf2 Rbe8 31. Re2 Rb8 32. Kf2 Rb7 33. Ke1 Rbe7 34. Kd2 f5 35. Rf1 Rb7 36. g3 b4 37. axb4 axb4 38. Ra1 b3 39. Ra5 Rd7 40. Rf2 Kh6 41. Rf4 Rxf4 42. exf4 g5 43. Ra6+ Kh5 44. Rf6 gxf4 45. Rxf5+ Kg6 46. Rxf4 Ra7 47. Rf2 Ra1 48. Ke3 Re1+ 49. Kf4 Rc1 50. Ke3 Re1+ 51. Re2 Rg1 52. Kf2 Rb1 53. g4 Rc1 54. Rd2 Rc2 55. Ke3 Kg5 56. Rxc2 bxc2 57. Kd2 Kh4 58. Kxc2 Kxh3 59. b4 cxb3+ 60. Kxb3 Kxg4 61. c4 dxc4+ 62. Kxc4 h5 63. d5 h4 64. d6 h3 65. d7 h2 66. d8=Q h1=Q 67. Qg8+ Kf5 68. Qf8+ Kg5 69. Qg8+ Kf6 70. Qf8+ Kg5 71. Qg7+ Kf5 72. Qf7+ Kg5 73. Qg7+ Kf5 74. Qf7+ Kg5 75. Qe7+ Kf5 76. Qd7+ Kg5 77. Qd8+ Kf5 78. Qf8+ Kg6 79. Qg8+ Kf6 80. Qf8+ Kg6 81. Qe8+ Kf6 82. Qd8+ Kg6 83. Qe8+ Kf6 84. Qf8+ Kg6 85. Qe8+ Kf6 86. Qf8+ Kg6 87. Qg8+ Kf6 88. Qf8+ 1/2-1/2

[Event "Gaprindashvili Cup Women I Stage 2020"]
[Site "Online"]
[Date "2020.11.04"]
[Round "6.9"]
[White "Gvatua, Mariam"]
[Black "Limar, Ana"]
[Result "1/2-1/2"]
[ECO "E05"]
[WhiteElo "1343"]
[BlackElo "1312"]
[Annotator "NA RC"]
[PlyCount "95"]
[EventDate "2020.11.04"]
[EventType "swiss"]
[SourceTitle "playchess.com"]
[Source "ChessBase"]
[SourceQuality "1"]
[TimeControl "1500+5"]

1. d4 d5 2. c4 e6 3. Nf3 Nf6 4. g3 Be7 5. Bg2 O-O 6. O-O dxc4 7. Qc2 Nc6 8. Qxc4 Bd6 9. Nc3 e5 10. dxe5 Nxe5 11. Nxe5 Bxe5 12. Bg5 Be6 13. Qb4 Bd5 14. Nxd5 Nxd5 15. Qd2 Bf6 16. Qxd5 Qxd5 17. Bxd5 Bxg5 18. Rfd1 c6 19. Bb3 Rad8 20. e4 Rxd1+ 21. Rxd1 Rd8 22. Rxd8+ Bxd8 23. e5 Kf8 24. e6 f5 25. Kg2 b5 26. a4 a6 27. Kf3 c5 28. axb5 axb5 29. Kf4 c4 30. Bc2 g6 31. Ke5 Ke7 32. Kd5 Bb6 33. f3 Bg1 34. h3 Bf2 35. g4 fxg4 36. hxg4 Bg3 37. Kc5 Kxe6 38. Kxb5 h5 39. Kxc4 h4 40. Bd3 h3 41. Bf1 h2 42. Bg2 Kd6 43. b4 g5 44. Kd4 Bf4 45. Kc4 Kc6 46. Kd4 Kb5 47. Kd3 Kxb4 48. Ke2 1/2-1/2

[Event "Gaprindashvili Cup Women I Stage 2020"]
[Site "Online"]
[Date "2020.11.04"]
[Round "6.10"]
[White "Tsetskhladze, Mariam"]
[Black "Limar, Maria"]
[Result "0-1"]
[ECO "B52"]
[WhiteElo "1477"]
[BlackElo "1229"]
[Annotator "NA RC"]
[PlyCount "72"]
[EventDate "2020.11.04"]
[EventType "swiss"]
[SourceTitle "playchess.com"]
[Source "ChessBase"]
[SourceQuality "1"]
[TimeControl "1500+5"]

1. e4 c5 2. Nf3 d6 3. Bb5+ Bd7 4. Bxd7+ Qxd7 5. c4 Nf6 6. Nc3 Nc6 7. d4 cxd4 8. Nxd4 g6 9. f3 Bg7 10. Be3 O-O 11. O-O Rac8 12. b3 Qd8 13. Qd2 Re8 14. Rad1 a6 15. Nd5 Nxd5 16. exd5 Ne5 17. Bg5 Qb6 18. Kh1 Qc5 19. a4 Qb6 20. Rfe1 Qd8 21. Re2 Nd7 22. Rde1 Nf6 23. Re3 Rc7 24. Ne2 Rd7 25. Ng3 Kf8 26. Ne4 Ng8 27. Nf2 b5 28. Qb4 bxc4 29. Qxc4 Qc8 30. Rc1 Qxc4 31. Rxc4 Rb8 32. Re2 Rdd8 33. b4 Rdc8 34. Rec2 Rxc4 35. Rxc4 Nf6 36. Bxf6 Bxf6 0-1

[Event "Gaprindashvili Cup Women I Stage 2020"]
[Site "Online"]
[Date "2020.11.04"]
[Round "6.11"]
[White "Mgeladze, Kesaria"]
[Black "Dolakidze, Mariam"]
[Result "0-1"]
[ECO "C11"]
[WhiteElo "1380"]
[BlackElo "1416"]
[Annotator "NA RC"]
[PlyCount "130"]
[EventDate "2020.11.04"]
[EventType "swiss"]
[SourceTitle "playchess.com"]
[Source "ChessBase"]
[SourceQuality "1"]
[TimeControl "1500+5"]

1. e4 e6 2. d4 d5 3. Nc3 Nf6 4. e5 Nfd7 5. f4 c5 6. Nf3 Nc6 7. Be3 Qb6 8. Qd2 Qxb2 9. Rb1 Qa3 10. Rb3 Qa5 11. Nb5 Qxd2+ 12. Kxd2 Kd8 13. dxc5 Nxc5 14. Bxc5 Bxc5 15. Ng5 Ke7 16. g3 h6 17. Nf3 a6 18. Nc3 Bb4 19. Kc1 Bxc3 20. Rxc3 Bd7 21. Rb3 b5 22. Bg2 Na5 23. Rd3 Rhc8 24. Nd4 Nc6 25. Nb3 Nb4 26. Rd2 Nxa2+ 27. Kb2 Nb4 28. Ra1 Rc7 29. c3 Nc6 30. Bf1 Nb8 31. Nd4 Raa7 32. Kb3 Nc6 33. Nf3 Rcb7 34. Rda2 Rb6 35. Kc2 Bc8 36. Rb1 Rc7 37. Kd3 Nb8 38. Nd4 Nd7 39. Rab2 Nc5+ 40. Kc2 Ne4 41. Rb3 Rbb7 42. Bg2 Nc5 43. R3b2 Na4 44. Rb3 Rc5 45. Ne2 Rbc7 46. Kd2 Bb7 47. Bf3 Rc4 48. Bg2 Nc5 49. R3b2 Ne4+ 50. Bxe4 dxe4 51. Rb4 Bd5 52. Rxc4 Bxc4 53. Nd4 Kd7 54. Ra1 Ra7 55. Ke3 Bd3 56. Nb3 Kc6 57. Nc1 a5 58. Nxd3 exd3 59. Kxd3 a4 60. Kd4 Rd7+ 61. Ke3 Kc5 62. g4 Kc4 63. Ra3 Rd3+ 64. Ke4 Rxc3 65. Ra1 a3 0-1

[Event "Gaprindashvili Cup Women I Stage 2020"]
[Site "Online"]
[Date "2020.11.04"]
[Round "7.1"]
[White "Kirtadze, Anastasia"]
[Black "Esadze, Tamari"]
[Result "0-1"]
[ECO "B95"]
[WhiteElo "1810"]
[BlackElo "1889"]
[Annotator "NA"]
[PlyCount "50"]
[EventDate "2020.11.04"]
[EventType "swiss"]
[SourceTitle "playchess.com"]
[Source "ChessBase"]
[SourceQuality "1"]
[TimeControl "1500+5"]

1. e4 c5 2. Nf3 d6 3. d4 cxd4 4. Nxd4 Nf6 5. Nc3 a6 6. Bg5 e6 7. Qd2 Be7 8. Be2 O-O 9. O-O h6 {[%emt 0:00:37] B95: Sicilian Najdorf: 6 Bg5 e6, unusual White 7th moves.} 10. Be3 Qc7 11. f4 b5 {[%emt 0:01:05] [#]} 12. e5 $146 ({Predecessor:} 12. Bf3 Bb7 13. e5 dxe5 14. Bxb7 Qxb7 15. fxe5 Ng4 16. Bf4 b4 17. Nce2 Nd7 18. h3 Ngxe5 {0-1 (32) Parsons,C (1757)-Taylor,K (2024) ICCF email 2018}) 12... dxe5 13. fxe5 Nfd7 14. Bf3 {[%emt 0:04:57] [#]} Bb7 $1 15. Bxb7 Qxb7 16. Nce2 (16. Bf4 $17 {might work better.}) 16... Nxe5 17. Bf4 Ng6 18. Qe3 (18. Be3 {was worth a try.}) 18... Nd7 19. Bg3 Rac8 20. Nf4 $2 (20. Qb3) 20... Nxf4 21. Bxf4 Bc5 22. c3 {[%emt 0:02:11] [#]} e5 $1 23. Bxe5 Rfe8 24. Rf5 f6 ({Weaker is} 24... Rxe5 25. Rxe5 Nxe5 26. Qxe5 $17) 25. Qg3 Rxe5 $19 0-1

[Event "Gaprindashvili Cup Women I Stage 2020"]
[Site "Online"]
[Date "2020.11.04"]
[Round "7.2"]
[White "Maghlakelidze, Rusudan"]
[Black "Bedoshvili, Dea"]
[Result "0-1"]
[ECO "D45"]
[WhiteElo "1613"]
[BlackElo "1667"]
[Annotator "NA RC"]
[PlyCount "134"]
[EventDate "2020.11.04"]
[EventType "swiss"]
[SourceTitle "playchess.com"]
[Source "ChessBase"]
[SourceQuality "1"]
[TimeControl "1500+5"]

1. c4 c6 2. Nc3 d5 3. e3 e6 4. b3 Bd6 5. Bb2 Nf6 6. Qc2 O-O 7. Nf3 Qe7 8. d4 Nbd7 9. Be2 b6 10. O-O Bb7 11. Rfd1 Rac8 12. Rac1 Rfd8 13. cxd5 exd5 14. Qb1 Re8 15. h3 Ne4 16. Nxe4 dxe4 17. Nd2 Bb8 18. g3 Nf6 19. Bf1 Nd5 20. Bg2 f5 21. Nc4 Qf6 22. Ne5 Qe6 23. g4 g6 24. Kh1 Bxe5 25. dxe5 fxg4 26. hxg4 Qxg4 27. Qxe4 Qh5+ 28. Kg1 Re6 29. Bf3 Qg5+ 30. Qg4 Qe7 31. Qg3 Qf7 32. Bg4 Rf8 33. Bxe6 Qxe6 34. Rc4 c5 35. f4 Ba6 36. Rc2 Bb5 37. Rcd2 Bc6 38. Qf3 Ne7 39. Qf2 Nf5 40. e4 Bxe4 41. Kf1 Qc6 42. Ke1 a6 43. Re2 Bf3 44. e6 Bxe2 45. Kxe2 Qxe6+ 46. Be5 Nd4+ 47. Ke3 Qh3+ 48. Ke4 Qf5+ 49. Ke3 Re8 50. Qg2 Qe6 51. Qe4 Nc6 52. Rd6 Qh3+ 53. Kd2 Nxe5 54. fxe5 Qh2+ 55. Kd3 Qxe5 56. Qxe5 Rxe5 57. Rxb6 g5 58. Rxa6 g4 59. Rf6 g3 60. Rf3 Rg5 61. Rf1 h5 62. a4 h4 63. a5 h3 64. a6 Rg7 65. Rf3 g2 66. a7 Rxa7 67. Rg3+ Rg7 0-1

[Event "Gaprindashvili Cup Women I Stage 2020"]
[Site "Online"]
[Date "2020.11.04"]
[Round "7.3"]
[White "Tsotsonava, Elene"]
[Black "Khazhomia, Anuki"]
[Result "1-0"]
[ECO "C27"]
[WhiteElo "1805"]
[BlackElo "1880"]
[Annotator "NA"]
[PlyCount "75"]
[EventDate "2020.11.04"]
[EventType "swiss"]
[SourceTitle "playchess.com"]
[Source "ChessBase"]
[SourceQuality "1"]
[TimeControl "1500+5"]

1. e4 e5 2. Nc3 Nf6 3. Bc4 Bc5 4. d3 d6 5. Na4 c6 6. Nxc5 {[%emt 0:00:17] [#] C27: Vienna Game: 2...Nf6 3 Bc4 Nxe4.} dxc5 $146 ({Predecessor:} 6... Qa5+ 7. c3 Qxc5 8. Be3 Qa5 9. Nf3 Bg4 10. Qb3 Qc7 11. a4 O-O 12. h3 Bc8 13. O-O {1-0 (69) Bazantova,M (2148)-Pribyl,J (2065) Teplice 2006}) 7. a4 O-O 8. Nf3 Qd6 9. O-O Bg4 10. h3 Be6 11. Qe2 Nbd7 12. Bd2 Rfb8 13. Bc3 b5 14. axb5 cxb5 15. Bxe6 fxe6 16. b3 Qc7 17. Ng5 Nf8 18. Qf3 ({Better is} 18. Ra6 $18) 18... h6 {[%emt 0:00:28] [#]} 19. Qg3 $1 hxg5 20. Bxe5 Nh5 $2 (20... Qb6 $16) 21. Bxc7 Nxg3 22. Bxg3 ({Resist} 22. fxg3 $6 Rc8 $18) 22... Rc8 23. Ra5 a6 24. Rfa1 c4 25. bxc4 bxc4 26. Rxa6 Rxa6 27. Rxa6 cxd3 28. cxd3 Rc1+ 29. Kh2 Rd1 30. Rd6 Kf7 $18 31. d4 Ke7 32. e5 Nd7 33. h4 g4 34. h5 Nf8 35. Bh4+ Kf7 36. Kg3 Rg1 37. d5 Rd1 38. dxe6+ 1-0

[Event "Gaprindashvili Cup Women I Stage 2020"]
[Site "Online"]
[Date "2020.11.04"]
[Round "7.4"]
[White "Asatiani, Tamar"]
[Black "Lagazauri, Tamar"]
[Result "0-1"]
[ECO "B47"]
[WhiteElo "1004"]
[BlackElo "1657"]
[Annotator "NA RC"]
[PlyCount "142"]
[EventDate "2020.11.04"]
[EventType "swiss"]
[SourceTitle "playchess.com"]
[Source "ChessBase"]
[SourceQuality "1"]
[TimeControl "1500+5"]

1. e4 c5 2. Nf3 e6 3. d4 cxd4 4. Nxd4 Nc6 5. Nc3 a6 6. Be2 Qc7 7. Nxc6 bxc6 8. O-O Nf6 9. Bf3 Be7 10. Re1 O-O 11. e5 Nd5 12. Nxd5 cxd5 13. Bf4 Bb7 14. Rc1 Qc4 15. Bg3 Bg5 16. Be2 Qc5 17. Rb1 Rfc8 18. Bd3 a5 19. Qg4 Bh6 20. Bf4 Bxf4 21. Qxf4 Ba6 22. Rbc1 Qb4 23. Qxb4 axb4 24. Ra1 Bxd3 25. cxd3 Rc2 26. Reb1 f6 27. exf6 gxf6 28. a3 b3 29. a4 Rd2 30. Ra3 Rxd3 31. Kf1 Rd4 32. Rxb3 Rdxa4 33. Rg3+ Kf7 34. b4 Ra1 35. Rgb3 Rxb1+ 36. Rxb1 Ke7 37. b5 Kd6 38. Ke2 Rb8 39. Rb3 Kc5 40. Rf3 f5 41. Rh3 Rh8 42. Rb3 Kc4 43. Rb1 Rb8 44. b6 Kc5 45. b7 Kc6 46. Rc1+ Kxb7 47. Rb1+ Kc7 48. Rxb8 Kxb8 49. Kd3 e5 50. f3 Kc7 51. g4 fxg4 52. fxg4 Kd6 53. h4 Ke6 54. g5 Kf5 55. Ke3 Kg4 56. Kd3 Kxh4 57. Ke3 Kxg5 58. Kd3 h5 59. Ke3 h4 60. Kf3 d4 61. Ke2 Kf4 62. Kf2 h3 63. Ke2 h2 64. Kd3 h1=Q 65. Kc4 Qc6+ 66. Kb3 d3 67. Kb2 d2 68. Ka3 d1=R 69. Kb2 Rd5 70. Ka3 Rb5 71. Ka4 Qa6# 0-1

[Event "Gaprindashvili Cup Women I Stage 2020"]
[Site "Online"]
[Date "2020.11.04"]
[Round "7.5"]
[White "Antia, Sopia"]
[Black "Dolakidze, Mariam"]
[Result "0-1"]
[ECO "B28"]
[WhiteElo "1594"]
[BlackElo "1416"]
[Annotator "NA RC"]
[PlyCount "104"]
[EventDate "2020.11.04"]
[EventType "swiss"]
[SourceTitle "playchess.com"]
[Source "ChessBase"]
[SourceQuality "1"]
[TimeControl "1500+5"]

1. Nf3 c5 2. e4 Nc6 3. d4 cxd4 4. Nxd4 a6 5. c4 Qb6 6. Nxc6 bxc6 7. Nc3 d6 8. Na4 Qc7 9. Be3 c5 10. Nc3 Nf6 11. Be2 Bb7 12. f3 g6 13. O-O Bg7 14. Qd2 O-O 15. Bh6 Rab8 16. Bxg7 Kxg7 17. Bd3 Bc6 18. Qe2 Qb7 19. Rab1 e5 20. Rfd1 Rfd8 21. Rd2 Nd7 22. Bc2 Nf8 23. Qd1 Qd7 24. f4 f6 25. f5 Qc7 26. g4 g5 27. Ba4 Ba8 28. h4 h6 29. hxg5 hxg5 30. Qf3 Nd7 31. Bxd7 Rxd7 32. Rbd1 Rh8 33. Nd5 Bxd5 34. Rxd5 Rh4 35. Kg2 Qb6 36. b3 Kf8 37. Kg3 Ke7 38. Rh1 Rxh1 39. Qxh1 Rd8 40. Qh7+ Ke8 41. Qg6+ Ke7 42. Qg7+ Ke8 43. Qxf6 Rd7 44. Qxg5 Qb4 45. f6 Qc3+ 46. Kh4 Rh7+ 47. Qh5+ Rxh5+ 48. Kxh5 Qh3+ 49. Kg5 Qe3+ 50. Kf5 Qf4+ 51. Kg6 Qxg4+ 52. Kh6 Kf7 0-1

[Event "Gaprindashvili Cup Women I Stage 2020"]
[Site "Online"]
[Date "2020.11.04"]
[Round "7.6"]
[White "Zarkua, Anastasia"]
[Black "Mgeladze, Kesaria"]
[Result "1/2-1/2"]
[ECO "E63"]
[WhiteElo "1124"]
[BlackElo "1380"]
[Annotator "NA RC"]
[PlyCount "172"]
[EventDate "2020.11.04"]
[EventType "swiss"]
[SourceTitle "playchess.com"]
[Source "ChessBase"]
[SourceQuality "1"]
[TimeControl "1500+5"]

1. d4 Nf6 2. Nf3 g6 3. c4 Bg7 4. Nc3 O-O 5. g3 d6 6. Bg2 Nc6 7. O-O a6 8. b3 Rb8 9. Bb2 b5 10. cxb5 axb5 11. Rc1 b4 12. Nd5 Nxd5 13. Rxc6 Bb7 14. Rc2 Ra8 15. Ba1 Ra7 16. Qd2 Qd7 17. Rfc1 Ba6 18. Ne1 Nb6 19. Qxb4 Rb8 20. Qd2 d5 21. Nd3 Bxd3 22. Qxd3 Rba8 23. Qd2 e6 24. Bc3 h5 25. Bb4 Kh7 26. Bc5 Ra6 27. a3 Nc8 28. Bb4 R6a7 29. Bf1 Nd6 30. Bxd6 Qxd6 31. a4 Qb6 32. e3 Qxb3 33. Bb5 Qa3 34. Rxc7 Rxc7 35. Rxc7 Qf8 36. Qc2 Kg8 37. Kg2 Bf6 38. h4 Bd8 39. Rb7 Ba5 40. Bc6 Rc8 41. Rb5 Bd8 42. Rc5 Bb6 43. Rc3 Ba5 44. Rc5 Bb4 45. Rb5 Qd6 46. Qb3 Qxc6 47. Qxb4 Qc2 48. Rb8 Qe4+ 49. Kg1 Rxb8 50. Qxb8+ Kh7 51. a5 Qc2 52. a6 Qd1+ 53. Kh2 Qf1 54. Qf4 Qxa6 55. Qxf7+ Kh6 56. Qf4+ Kh7 57. Qe5 Qc6 58. Kg2 Qb6 59. Qf6 Qc6 60. Qf7+ Kh6 61. Qf4+ Kh7 62. Qg5 Qd6 63. Qf4 Qc6 64. Qe5 Qb6 65. Kf3 Qc6 66. Qf4 Qb6 67. Qg5 Qd6 68. Qf6 Qc6 69. Qe5 Qe8 70. Kg2 Qf7 71. f3 Qe7 72. e4 dxe4 73. Qxe4 Qd6 74. Qf4 Qa6 75. Qf7+ Kh6 76. Qf4+ Kh7 77. Qc7+ Kh6 78. Kh3 Qf1+ 79. Kh2 Qf2+ 80. Kh3 Qf1+ 81. Kh2 Qf2+ 82. Kh3 Qf1+ 83. Kh2 Qf2+ 84. Kh3 Qf1+ 85. Kh2 Qf2+ 86. Kh3 Qf1+ 1/2-1/2

[Event "Gaprindashvili Cup Women I Stage 2020"]
[Site "Online"]
[Date "2020.11.04"]
[Round "7.7"]
[White "Abuladze, Natali"]
[Black "Didbaridze, Meri"]
[Result "1/2-1/2"]
[ECO "D37"]
[WhiteElo "1049"]
[BlackElo "1264"]
[Annotator "NA RC"]
[PlyCount "110"]
[EventDate "2020.11.04"]
[EventType "swiss"]
[SourceTitle "playchess.com"]
[Source "ChessBase"]
[SourceQuality "1"]
[TimeControl "1500+5"]

1. d4 d5 2. c4 e6 3. Nf3 Nf6 4. Nc3 Be7 5. Bf4 c6 6. e3 O-O 7. c5 h6 8. Bd3 Nbd7 9. O-O Nh5 10. Bg3 Nxg3 11. hxg3 Qc7 12. e4 dxe4 13. Bxe4 Nf6 14. Bc2 Rd8 15. Bb3 Nd5 16. Nxd5 exd5 17. Ne5 Bf6 18. Re1 Bf5 19. Bc2 Bxc2 20. Qxc2 Re8 21. Nf3 Re7 22. Rxe7 Bxe7 23. Re1 Re8 24. Re3 Qd8 25. Qe2 Kf8 26. Ne5 Bf6 27. Nf3 Rxe3 28. Qxe3 Qe7 29. Qxe7+ Kxe7 30. Kf1 Ke6 31. g4 Bd8 32. Ne5 Bc7 33. f4 Ba5 34. Ke2 g6 35. Kd3 Be1 36. Ke2 Ba5 37. a3 g5 38. f5+ Ke7 39. b4 Bc7 40. Kd3 Kf6 41. Nd7+ Ke7 42. Ne5 f6 43. Ng6+ Kf7 44. a4 Bg3 45. b5 Be1 46. Ke2 Ba5 47. Kd3 Bc7 48. Ke2 Bb8 49. Kd3 Bh2 50. Ke2 Bg1 51. Kd3 Bf2 52. Nh8+ Kg7 53. Ng6 Kf7 54. Nh8+ Kg7 55. Ng6 Kf7 1/2-1/2

[Event "Gaprindashvili Cup Women I Stage 2020"]
[Site "Online"]
[Date "2020.11.04"]
[Round "7.9"]
[White "Sichinava, Mariam"]
[Black "Limar, Ana"]
[Result "1-0"]
[ECO "D11"]
[WhiteElo "1516"]
[BlackElo "1312"]
[Annotator "NA RC"]
[PlyCount "105"]
[EventDate "2020.11.04"]
[EventType "swiss"]
[SourceTitle "playchess.com"]
[Source "ChessBase"]
[SourceQuality "1"]
[TimeControl "1500+5"]

1. Nf3 d5 2. g3 Bf5 3. Bg2 Nf6 4. c4 e6 5. O-O Be7 6. d4 c6 7. Qb3 Qb6 8. Nc3 O-O 9. Bf4 Nbd7 10. Qxb6 axb6 11. Nh4 dxc4 12. Nxf5 exf5 13. Rfc1 b5 14. a4 b4 15. Nd1 Nd5 16. Bh3 Nxf4 17. gxf4 g6 18. e4 Rfd8 19. exf5 gxf5 20. Bxf5 Bf6 21. Rxc4 Nb6 22. Rxb4 Bxd4 23. a5 Bc5 24. Rb3 Rd4 25. Rg3+ Kh8 26. Rh3 Rxf4 27. Rxh7+ Kg8 28. Rh5 Nc4 29. Nc3 Rxf2 30. Kh1 Rxb2 31. Ne4 Be7 32. Rg1+ Bg5 33. Rgxg5+ Kf8 34. Rh8+ Ke7 35. Rxa8 Rb1+ 36. Kg2 Ne3+ 37. Kf3 Nxf5 38. Rxf5 Rf1+ 39. Kg4 Rg1+ 40. Ng3 Ra1 41. Ra7 Ra4+ 42. Kg5 Rb4 43. a6 Kd6 44. Rxb7 Rxb7 45. axb7 Kc7 46. Rxf7+ Kb8 47. h4 Ka7 48. h5 Kb8 49. h6 Ka7 50. h7 Kb8 51. h8=Q+ Ka7 52. b8=Q+ Ka6 53. Ra7# 1-0

[Event "Gaprindashvili Cup Women I Stage 2020"]
[Site "Online"]
[Date "2020.11.04"]
[Round "7.10"]
[White "Limar, Maria"]
[Black "Kalandadze, Mariam"]
[Result "0-1"]
[ECO "B92"]
[WhiteElo "1229"]
[BlackElo "1147"]
[Annotator "NA RC"]
[PlyCount "70"]
[EventDate "2020.11.04"]
[EventType "swiss"]
[SourceTitle "playchess.com"]
[Source "ChessBase"]
[SourceQuality "1"]
[TimeControl "1500+5"]

1. e4 c5 2. Nf3 d6 3. d4 cxd4 4. Nxd4 Nf6 5. Nc3 a6 6. Be2 e5 7. Nf3 Be7 8. O-O O-O 9. h3 Nc6 10. Be3 Be6 11. Qd2 h6 12. Rfd1 Qc7 13. Na4 Nxe4 14. Qe1 b5 15. Nb6 Rab8 16. Nd5 Qb7 17. Bf1 Bxd5 18. Rxd5 Nb4 19. Rxb5 axb5 20. Qxb4 d5 21. Qe1 d4 22. Bc1 Bd6 23. Nxe5 Bxe5 24. Bd3 Nxf2 25. Qxf2 Bf6 26. Bxh6 gxh6 27. Qxf6 Qb6 28. Qf4 Qe6 29. Qg3+ Kh8 30. Re1 Qf6 31. Rf1 Qc6 32. Qf4 Rbc8 33. Qf5 Qg6 34. Qf3 Qg7 35. Qe4 Rb8 0-1

[Event "Gaprindashvili Cup Women I Stage 2020"]
[Site "Online"]
[Date "2020.11.04"]
[Round "7.12"]
[White "Ashotia, Barbare"]
[Black "Gvatua, Mariam"]
[Result "0-1"]
[ECO "B22"]
[WhiteElo "1076"]
[BlackElo "1343"]
[Annotator "NA"]
[PlyCount "102"]
[EventDate "2020.11.04"]
[EventType "swiss"]
[SourceTitle "playchess.com"]
[Source "ChessBase"]
[SourceQuality "1"]
[TimeControl "1500+5"]

1. e4 c5 2. c3 Nf6 3. e5 Nd5 4. d4 cxd4 5. cxd4 d6 6. f4 dxe5 7. fxe5 Nc6 8. Nc3 Be6 9. h3 g6 10. Nf3 h6 11. Bc4 Nxc3 12. bxc3 Bxc4 13. Bd2 Bg7 14. Kf2 O-O 15. Re1 Bd5 16. Kg1 Na5 17. Bf4 e6 18. Nd2 Qh4 19. Rf1 Qe7 20. Nb3 Nc4 21. Qc1 g5 22. Bg3 b6 23. Nd2 Ne3 24. Rf2 Nf5 25. Bh2 Rac8 26. Qb2 Qc7 27. Rc1 Nxd4 28. c4 Qc5 29. Kh1 Bb7 30. Bg1 Qxe5 31. Bh2 Qe3 32. Bg1 Qxh3+ 33. Bh2 Qh4 34. Rff1 Ne2 35. Qb3 Nxc1 36. Rxc1 Qf2 37. Nf3 Bxf3 38. Qxf3 Qxf3 39. gxf3 Rfd8 40. Rc2 Rd1+ 41. Kg2 Rcd8 42. Bg3 R1d2+ 43. Rxd2 Rxd2+ 44. Kf1 Rc2 45. f4 gxf4 46. Bxf4 Rxc4 47. Bd6 Ra4 48. a3 Bb2 49. Bg3 Rxa3 50. Bf4 Rf3+ 51. Ke2 Rxf4 0-1